 Dungeon Crawl Stone Soup version 0.27.1-2-g3b301248ec (webtiles) character file.

Game seed: 17603132362671764663

3430 Borgoz the Carver (level 9, -7/124 HPs)
             Began as a Minotaur Berserker on Sept 27, 2021.
             Was an Elder of Trog.
             Mangled by a boulder beetle (11 damage)
             ... on level 8 of the Dungeon.
             The game lasted 00:09:09 (8929 turns).

Borgoz the Carver (Minotaur Berserker)              Turns: 8929, Time: 00:09:10

Health: -7/124     AC: 32    Str: 24    XL:     9   Next: 76%
Magic:  8/8        EV:  2    Int:  5    God:    Trog [****..]
Gold:   276        SH:  0    Dex: 10    Spells: 8/8 levels left

rFire    . . .     SeeInvis .   a - +0 long sword
rCold    . . .     Faith    .   (no shield)
rNeg     + + +     Spirit   .   (armour currently unavailable)
rPois    +         Reflect  .   (helmet currently unavailable)
rElec    .         Harm     .   (cloak currently unavailable)
rCorr    .         Rampage  .   (gloves currently unavailable)
Will     ++...     NoTele   +   (boots currently unavailable)
Stlth    +.........             (no amulet)
HPRegen  1.30/turn              c - +4 ring of protection
MPRegen  0.11/turn              r - +4 ring of protection

@: tree-form, strong-willed, regenerating
A: stationary, stasis, torment immunity, boosted hp, (horns 2), (retaliatory
headbutt)
a: Renounce Religion, Berserk, Trog's Hand, Brothers in Arms


You were on level 8 of the Dungeon.
You worshipped Trog.
Trog was greatly pleased with you.
You were a tree.
You visited 1 branch of the dungeon, and saw 8 of its levels.

You collected 360 gold pieces.
You spent 84 gold pieces at shops.

Inventory:

Hand Weapons
 a - a +0 long sword (weapon)
 b - a +5 great sword
Armour
 h - a +1 scale mail (melded)
 m - a +0 cloak (melded)
Jewellery
 c - a +4 ring of protection (left branch)
 g - a ring of resist corrosion
 p - the ring of Kethraesu {Fly rC+ Int+10 Dex+6}
   (You found it on level 7 of the Dungeon)

   [ring of dexterity]

   Int:       It affects your intelligence (+10).
   Dex:       It affects your dexterity (+6).
   rC:        It protects you from cold.
   Fly:       It grants you flight.
 q - a ring of positive energy
 r - a +4 ring of protection (right branch)
Scrolls
 i - 2 scrolls of fog
 t - a scroll of identify
Potions
 d - a potion of might
 e - 2 potions of attraction
 f - 2 potions of brilliance {unknown}
 j - 2 potions of curing {unknown}
 k - a potion of resistance
 l - a potion of haste
 o - a potion of mutation
 s - a potion of heal wounds {unknown}


   Skills:
 + Level 9.1 Fighting
 + Level 9.1 Long Blades
 + Level 8.7 Armour
 + Level 8.0 Dodging


You had 8 spell levels left.
You didn't know any spells.
Your spell library was empty.

Dungeon Overview and Level Annotations

Branches:
Dungeon (8/15)             Temple (0/1) D:6
   Lair: D:8-11

Altars:
Elyvilon
Fedhas
Sif Muna
Trog
Wu Jian
Xom

Shops:
D:3 (   D:4 (   D:6 ?

Annotations:
D:6 1 runed translucent door, loralnil's ghost, novice MfIE
D:8 exclusions: oklob plant and oklob sapling


Innate Abilities, Weirdness & Mutations

You are a tree.
Your roots penetrate the ground, keeping you stationary.
You cannot be teleported.
You are immune to unholy pain and torment.
Your maximum health is greatly increased.
Your equipment is partially melded.
((You have a pair of horns on your head.))
((You reflexively headbutt those who attack you in melee.))


Message History

You headbutt the boulder beetle!
The boulder beetle is almost dead.
The boulder beetle bites you but does no damage.
You hit the boulder beetle.
The boulder beetle is almost dead.
The boulder beetle bites you!
You hit the boulder beetle but do no damage.
The boulder beetle is almost dead.
The boulder beetle leaps!
The boulder beetle curls into a ball and begins rolling!
The boulder beetle barely misses you.
The boulder beetle stops rolling and uncurls.
You hit the boulder beetle but do no damage.
The boulder beetle is almost dead.
You recover from your berserk rage.
The boulder beetle leaps!
The boulder beetle bites you!
You hit the boulder beetle but do no damage.
You headbutt the boulder beetle, but do no damage.
The boulder beetle is almost dead.
The boulder beetle leaps!
You feel the effects of Trog's Hand fading.
The boulder beetle curls into a ball and begins rolling!
You slash the boulder beetle!
The boulder beetle is almost dead.
The boulder beetle hits you!!
* * * LOW HITPOINT WARNING * * *
The boulder beetle stops rolling and uncurls.
You are too injured to fight recklessly!
Your skin crawls.
You feel strong-willed. The boulder beetle bites you!!
* * * LOW HITPOINT WARNING * * *
Okay, then.
Okay, then.
Really quaff the potion of lignification?
You turn into a tree.
Your +0 cloak melds into your body.
Your +1 scale mail melds into your body.
Your roots penetrate the ground.
The boulder beetle bites you!
You die...

#......# #.[....# .. #
#......#..... # #......#..... #
#......'.... #####
######......##'#### ....#
#.................. ....#
#...B♣............. ....#
#.................. ....#
#..................
....########.....)............
.................#####.....####
.................# #.........
.................# ##.#.#.#..
.................# ........
............###########.#.#.#..


You could see a boulder beetle.

Vanquished Creatures
  Grinder (D:3)
  Menkaure (D:6)
  2 water moccasins
  2 orc warriors
  A sky beast (D:7)
  A hornet zombie (D:5)
  2 ice beasts (D:7)
  An ogre (D:4)
  A phantom (D:4)
  A kobold brigand (D:7)
  A bullfrog (D:6)
  A gnoll sergeant (D:6)
  4 scorpions
  2 water moccasin skeletons
  8 wights
  4 killer bees (D:8)
  3 howler monkeys
  3 centaur zombies
  8 hounds
  2 jellies (D:5)
  A centaur skeleton (D:6)
  A gnoll shaman (D:5)
  4 orc priests
  A bullfrog skeleton (D:6)
  2 iguanas (D:5)
  3 orc wizards
  A killer bee zombie (D:8)
  8 gnolls
  2 howler monkey skeletons
  9 adders
  A white imp (D:7)
  An ufetubus (D:4)
  An adder skeleton (D:4)
  7 worms
  A dart slug (D:1)
  20 orcs
  6 endoplasms
  3 giant cockroaches
  9 hobgoblins
  6 quokkas
  5 ball pythons
  6 bats
  2 frilled lizards
  10 goblins
  9 kobolds
  7 rats
175 creatures vanquished.

Vanquished Creatures (others)
  An orc (D:7)
1 creature vanquished.

Grand Total: 176 creatures vanquished

Notes
Turn   | Place    | Note
-------+----------+-------------------------------------------
     0 | D:1      | Borgoz the Minotaur Berserker began the quest for the Orb.
     0 | D:1      | Reached XP level 1. HP: 19/19 MP: 0/0
   352 | D:1      | Reached XP level 2. HP: 27/27 MP: 1/1
   495 | D:1      | You fall into a shaft and drop 1 floor!
   564 | D:2      | Reached XP level 3. HP: 28/33 MP: 2/2
   607 | D:1      | HP: 1/33 [rat (1)]
  1519 | D:2      | Reached ** piety under Trog
  1520 | D:2      | Reached XP level 4. HP: 32/41 MP: 3/3
  2134 | D:3      | Reached XP level 5. HP: 24/47 MP: 4/4
  2425 | D:3      | Found a blossoming altar of Fedhas.
  2878 | D:3      | Found an ornate altar of the Wu Jian Council.
  2896 | D:3      | Found Icius's Antique Weapon Emporium.
  2919 | D:3      | Noticed Grinder
  2928 | D:3      | Killed Grinder
  2929 | D:3      | Reached skill level 5 in Fighting
  2929 | D:3      | Reached skill level 5 in Long Blades
  2929 | D:3      | Reached XP level 6. HP: 39/56 MP: 5/5
  3473 | D:3      | Bought a long sword for 84 gold pieces
  3767 | D:4      | Reached skill level 5 in Armour
  3767 | D:4      | Reached XP level 7. HP: 62/62 MP: 6/6
  3912 | D:4      | Reached skill level 5 in Dodging
  3939 | D:4      | Reached *** piety under Trog
  3958 | D:4      | Found Ipraiza's Weapon Shop.
  3995 | D:4      | Found a shimmering blue altar of Sif Muna.
  4481 | D:5      | Entered Level 5 of the Dungeon
  4650 | D:5      | Found a white marble altar of Elyvilon.
  4668 | D:5      | Reached XP level 8. HP: 45/71 MP: 7/7
  5939 | D:6      | Found a staircase to the Ecumenical Temple.
  5944 | D:6      | Noticed Menkaure
  5954 | D:6      | Killed Menkaure
  6262 | D:6      | Reached **** piety under Trog
  6784 | D:6      | Found a bloodstained altar of Trog.
  6785 | D:6      | Found a runed translucent door.
  6785 | D:6      | Found a shimmering altar of Xom.
  6785 | D:6      | Noticed loralnil's ghost (novice MfIE)
  6785 | D:6      | Noticed a +3 spear of chaos
  6790 | D:6      | Reached XP level 9. HP: 76/81 MP: 8/8
  6824 | D:6      | Found Jep Raje's Magic Scroll Shoppe.
  8203 | D:7      | You fall into a shaft and drop 1 floor!
  8247 | D:8      | Noticed an oklob plant
  8382 | D:7      | Identified the ring of Kethraesu {Fly rC+ Int+10 Dex+6}
  8883 | D:8      | Noticed a boulder beetle
  8928 | D:8      | HP: 2/83 [boulder beetle (20)]
  8929 | D:8      | Mangled by a boulder beetle

Illustrated notes

Levels and vault maps discovered:
D:1:      elethiomel_arrival_quiet, layout_basic
D:2:      layout_rooms
D:3:      layout_basic, nzn_wu_jian_council_hall, fedhas_altar_2, serial_shops,
          nicolae_shop_waterfront, uniq_grinder
D:4:      layout_basic, kennysheep_orc_sif_temple, serial_shops,
          kennysheep_little_box
D:5:      layout_basic, lemuel_tele_altar, st_stairs_6
D:6:      layout_cave_pods, bloody_trog, nicolae_overflow_hidden_temple,
          minmay_temple_entry_tees, serial_shops, shop, ebering_ghost_xom,
          uniq_menkaure
D:7:      layout_cave_pools
D:8:      layout_gridville, serial_shops, nicolae_shop_trees, st_stairs_8,
          introduction_to_nature_1, uniq_joseph

Skill      XL: |  1  2  3  4  5  6  7  8  9 |
---------------+----------------------------+-----
Fighting       | 4 5 6 7 9 |  9.1
Long Blades    | 4 5 6 7 9 |  9.1
Armour         | 3 4 5 6 7 8 |  8.7
Dodging        | 3 4 5 6 8 |  8.0

Action                   |  1- 3 |  4- 6 |  7- 9 || total
-------------------------+-------+-------+-------++-------
Melee: Falchion          |    56 |    96 |       ||   152
       Headbutt          |     8 |    23 |    78 ||   109
       Long sword        |       |    17 |   292 ||   309
       Great sword       |       |       |     5 ||     5
Invok: Berserk           |     2 |     2 |     8 ||    12
       Trog's Hand       |       |       |     2 ||     2
  Use: Scroll            |       |     2 |    14 ||    16
       Potion            |       |       |     1 ||     1
Armor: Animal skin       |    13 |       |       ||    13
       Scale mail        |     2 |    50 |   149 ||   201
Dodge: Dodged            |    34 |    50 |   165 ||   249
       Rpst.: Falchion   |    10 |    15 |       ||    25
       Long sword        |       |     3 |    45 ||    48
       Great sword       |       |       |     1 ||     1
